 Dungeon Crawl Stone Soup version 0.31.0-32-g396128a36d (webtiles) character file.

Game seed: 13668012917841456928

124 MiniGinger the Slasher (level 5, 0/31 HPs)
             Began as a Tengu Reaver on Apr 12, 2024.
             Slain by Ijyb
             ... wielding a +0 dagger
              (3 damage)
             ... on level 3 of the Dungeon.
             The game lasted 00:05:51 (3063 turns).

MiniGinger the Slasher (Tengu Reaver)               Turns: 3063, Time: 00:05:52

Health: 0/31       AC:  4    Str: 12    XL:     5   Next: 8%
Magic:  9/9        EV: 12    Int: 13    God:
Gold:   105        SH:  0    Dex: 15    Spells: 7/8 levels left

rFire   . . .        b - +3 spear
rCold   . . .        (no shield)
rNeg    . . .        e - +0 leather armour
rPois   .            (helmet restricted)
rElec   .            h - scarf {shadows}
rCorr   .            f - +0 pair of gloves
SInv    .            (boots unavailable)
Will    .....        (no amulet)
Stlth   +            (no ring)
HPRegen 0.25/turn    (no ring)
MPRegen 0.11/turn

%: acrobat
@: no status effects
A: beak, talons 3, acrobatic
a: no special abilities


You were on level 3 of the Dungeon.
You visited 1 branch of the dungeon, and saw 3 of its levels.

You collected 105 gold pieces.

Inventory:

Hand Weapons
 a - a +1 falchion
 b - a +3 spear (weapon)
 g - a +4 dagger
Armour
 e - a +0 leather armour (worn)
 f - a +0 pair of gloves (worn)
 h - a scarf of shadows (worn)
Scrolls
 j - a scroll of enchant weapon
 k - a scroll of amnesia
 m - a scroll of poison {unknown}
Potions
 c - a potion of might {unknown}
 d - 2 potions of enlightenment
 i - a potion of heal wounds
 l - a potion of lignification
 n - a potion of curing {unknown}
 o - a potion of cancellation {unknown}


   Skills:
 * Level 2.7 Fighting
 * Level 5.4 Long Blades
 * Level 1.5 Polearms
 - Level 2.1 Dodging
 - Level 2.0 Spellcasting
 - Level 4.0 Conjurations


You had 7 spell levels left.
You knew the following spells:

 Your Spells              Type           Power      Damage    Failure   Level
a - Kiss of Death         Conj/Necr      24%        2d7       14%         1

Your spell library contained the following spells:

 Spells                   Type           Power      Damage    Failure   Level
 Momentum Strike          Conj/Tloc      12%        3d8       22%         2
 Hailstorm                Conj/Ice       6%         3d5       38%         3
 Blink                    Tloc           2%         N/A       43%         2
 Lesser Beckoning         Tloc           2%         N/A       43%         2


Dungeon Overview and Level Annotations

Branches:
Dungeon (3/15)

Altars:

Shops:
D:3 [

Annotations:
D:3 Grinder, Ijyb


Innate Abilities, Weirdness & Mutations

You have a beak for a mouth.
You have claws for feet.
You can magically evade attacks while moving or waiting.


Message History

Ijyb hits you but does no damage.
You hit Ijyb. Your kick misses Ijyb. You peck Ijyb.
Ijyb is heavily wounded.
Ijyb barely misses you.
You hit Ijyb but do no damage.
Ijyb is heavily wounded.
Ijyb hits you with a +0 dagger. x2
You closely miss Ijyb. Your peck misses Ijyb.
Ijyb is heavily wounded.
Ijyb hits you with a +0 dagger.
You hit Ijyb.
Ijyb is heavily wounded.
Ijyb hits you but does no damage.
You hit Ijyb but do no damage. Your kick misses Ijyb.
Ijyb is heavily wounded.
A quokka comes into view.
Ijyb barely misses you.
You hit Ijyb but do no damage.
Ijyb is heavily wounded.
Ijyb hits you with a +0 dagger.
You hit Ijyb. You peck Ijyb.
Ijyb is heavily wounded.
Ijyb hits you but does no damage.
You hit Ijyb but do no damage.
Ijyb is heavily wounded.
Ijyb zaps a wand.
The roots erupt in riotous growth!
The grasping roots grab you!
Ijyb is unaffected.
The quokka is unaffected.
The grasping roots constrict you.
* * * LOW HITPOINT WARNING * * *
You hear a shout!
You closely miss Ijyb. You claw Ijyb.
Ijyb is severely wounded.
The quokka barely misses you. Ijyb hits you but does no damage.
The grasping roots constrict you.
* * * LOW HITPOINT WARNING * * *
The grasping roots release their grip on you.
You hit Ijyb but do no damage. Your peck misses Ijyb.
Ijyb is severely wounded.
The quokka completely misses you. Ijyb hits you with a +0 dagger.
You die...

......#
#.....######.###
......# #.....#
#.# ......#
#.....# ##.#
......###########
##..# .........#
######..#####
.....###.#
#.............
.....# #.#
#.###..#######
.#.###
#.######.....##
.#.#
#......#g@####
.#.# ######...r#
.#.# ##...# .#.#
#######...# .#.#
#......>..#####
.#.#
#.######.......
##.#
#.#......######
#.# #.#....#.###
#.# #.#........#


You could see Ijyb and a quokka.

Vanquished Creatures
  3 gnolls
  2 adders
  3 ribbon worms (D:2)
  A dart slug (D:2)
  2 orcs (D:3)
  6 endoplasms
  5 giant cockroaches
  5 goblins
  3 hobgoblins (D:2)
  5 jackals (D:1)
  A quokka (D:3)
  5 ball pythons
  5 bats
  5 frilled lizards
  7 kobolds
  3 rats
61 creatures vanquished.

Notes
Turn   | Place    | Note
-------+----------+-------------------------------------------
     0 | D:1      | MiniGinger the Tengu Reaver began the quest for the Orb.
     0 | D:1      | Reached XP level 1. HP: 12/12 MP: 4/4
   137 | D:1      | Found a faded altar of an unknown god.
   145 | D:1      | Reached XP level 2. HP: 17/17 MP: 6/6
   309 | D:1      | Reached skill level 4 in Long Blades
   758 | D:1      | Reached XP level 3. HP: 21/21 MP: 7/7
  1268 | D:2      | Reached skill level 1 in Polearms
  1609 | D:2      | Reached XP level 4. HP: 12/27 MP: 8/8
  2314 | D:3      | Found Errus's Armour Shop.
  2340 | D:3      | Reached skill level 5 in Long Blades
  2640 | D:3      | Reached XP level 5. HP: 31/31 MP: 9/9
  2822 | D:3      | Noticed Grinder
  2841 | D:3      | Noticed Ijyb
  3063 | D:3      | Slain by Ijyb

Illustrated notes

Levels and vault maps discovered:
D:1:      minmay_arrival_up_and_down, layout_basic,
          ebering_ecumenical_altar_mist, roderic_roman_lattice
D:2:      layout_basic, nrook_mini_vaults, roderic_lattice_a, hex_intersection,
          minivault_11, minivault_25
D:3:      layout_basic, serial_shops, nicolae_square_shop, uniq_ijyb,
          uniq_grinder

Skill      XL: |  1  2  3  4 |
---------------+-------------+-----
Long Blades    | 4 5 |  5.4
Polearms       | 1 |  1.5
Fighting       | |  2.7
Dodging        | |  2.1
Spellcasting   | |  2.0
Conjurations   | |  4.0

Action                     |  1- 3 |  4- 6 || total
---------------------------+-------+-------++-------
  Melee: Falchion          |    82 |    26 ||   108
         Peck              |    14 |     8 ||    22
         Kick              |    13 |    11 ||    24
         Spear             |       |    28 ||    28
    Use: Scroll            |     1 |     8 ||     9
   Stab: Sleeping          |     2 |     1 ||     3
 Armour: Leather armour    |    26 |    24 ||    50
  Dodge: Dodged            |    52 |    35 ||    87
